 Dungeon Crawl Stone Soup version 0.21.0-30-g47ce8e4cbb (webtiles) character file.

763 GuyWithAPlan the Destroyer (level 7, -11/36 HPs)
             Began as a Tengu Conjurer on Jan 29, 2018.
             Mangled by Prince Ribbit (13 damage)
             ... on level 5 of the Dungeon.
             The game lasted 00:16:22 (7677 turns).

GuyWithAPlan the Destroyer (Tengu Conjurer)         Turns: 7677, Time: 00:16:22

Health: -11/36     AC:  3    Str:  9    XL:     7   Next: 81%
Magic:  1/13       EV: 16    Int: 17    God:
Gold:   269        SH:  0    Dex: 14    Spells: 6/13 levels left

rFire    . . .     SeeInvis .   A - +2 trident (freeze)
rCold    . . .     Gourm    .   (no shield)
rNeg     + . .     Faith    .   s - +1 robe
rPois    .         Spirit   .   (helmet restricted)
rElec    .         Reflect  .   (no cloak)
rCorr    .         Harm     .   (no gloves)
MR       .....                  (boots unavailable)
Stlth    ++........             (no amulet)
HPRegen  0.12/turn              t - ring of positive energy
MPRegen  0.13/turn              (no ring)

@: no status effects
A: beak, talons 3, able to fly 1
a: Fly


You were on level 5 of the Dungeon.
You were hungry.

You visited 1 branch of the dungeon, and saw 5 of its levels.
You also visited: Sewer.

You collected 269 gold pieces.

Inventory:

Hand Weapons
 e - a +2 dagger of venom
 k - a +0 dagger of draining
 q - a -1 hunting sling
 x - a +0 quarterstaff
 A - a +2 trident of freezing (weapon)
Missiles
 r - 125 stones (quivered)
 u - 8 silver javelins
Armour
 a - a +0 robe
 s - a +1 robe (worn)
 w - the +2 leather armour of the Solstice {MR+ MP-9 Str+3}
   (You found it in a sewer)

   It affects your strength (+3).
   It affects your resistance to hostile enchantments.
   It affects your magic capacity (-9).
Magical Staves
 d - an uncursed staff of cold
Jewellery
 t - a ring of positive energy (left hand)
Wands
 g - a wand of acid (3)
 l - a wand of iceblast (4)
Scrolls
 i - 2 scrolls of fear
 y - a scroll of teleportation {unknown}
 C - a scroll of remove curse
Potions
 f - a potion of agility
 h - a potion of haste
 j - 2 potions of cancellation
 m - a potion of ambrosia {unknown}
 n - a potion of brilliance {unknown}
 o - 3 potions of curing {unknown}
 p - a potion of invisibility {unknown}
 v - 3 potions of flight {unknown}
 z - a potion of berserk rage {unknown}
 B - a potion of might {unknown}
 D - 2 potions of lignification {unknown}
Books
 b - a book of Conjurations

   Spells                             Type                      Level
   a - Magic Dart                     Conjuration                  1
   b - Searing Ray                    Conjuration                  2
   c - Dazzling Spray                 Conjuration/Hexes            3
   d - Fulminant Prism                Conjuration/Hexes            4
   e - Force Lance                    Conjuration/Translocation    4
   f - Iskenderun's Mystic Blast      Conjuration                  4
Comestibles
 c - 5 rations


   Skills:
 - Level 7.0 Dodging
 - Level 2.0 Stealth
 + Level 3.7 Spellcasting
 - Level 8.0 Conjurations


You had 6 spell levels left.
You knew the following spells:

 Your Spells              Type           Power        Failure   Level  Hunger
a - Magic Dart            Conj           ####         1%          1    None
b - Searing Ray           Conj           ####..       1%          2    ##.....
c - Iskenderun's Mystic   Conj           ####....     6%          4    ####...


Dungeon Overview and Level Annotations

Branches:
Dungeon (5/15)
 Temple: D:4-7

Altars:
Gozag
Hepliaklqana
Uskayaw
The Shining One

Annotations:
D:5 Pikel, Prince Ribbit


Innate Abilities, Weirdness & Mutations

You have a beak for a mouth.
You have claws for feet.
You can fly.


Message History

Prince Ribbit is moderately wounded.
The orb of energy explodes!
You are feeling hungry.
Prince Ribbit hits you! x2
Casting: Iskenderun's Mystic Blast
Confirm with . or Enter, or press ? or * to list all spells.
Aiming: Iskenderun's Mystic Blast
Press: ? - help, Shift-Dir - straight line, f/p - Prince Ribbit
Aim: Prince Ribbit (moderately wounded)
The orb of energy misses Prince Ribbit.
Prince Ribbit barely misses you.
You don't have enough magic at the moment.
Prince Ribbit hits you.
You barely miss Prince Ribbit.
You claw Prince Ribbit, but do no damage.
Your peck misses Prince Ribbit.
Prince Ribbit is moderately wounded.
Prince Ribbit hits you!
* * * LOW HITPOINT WARNING * * *
Prince Ribbit hits you!
You die...

≈≈≈≈ #.###....####
.....###.# ##.#.....
......o.. #...####
..#..##.## ##.#.#
#.#......###....#
#.#......oo.....#
#(#..####(#####F####
#####.#..# #.# #.o...
#......@.####.# ##.#.#
.#......F...##.# #.#.#
.......<....##.# #.#.#
.#..##.#....##.# #Y#[#
.. ....(...##.######.#.#
#..##.##.............<.#
... .. ......######.###
.. .. .#.#### #.# # ###
.#.# #.###


You could see Prince Ribbit.

Vanquished Creatures
  A phantom (D:4)
  3 slaves
  A centaur (D:5)
  A crocodile (Sewer)
  A crimson imp (D:4)
  2 orc priests
  2 iguanas (D:4)
  3 orc wizards (D:4)
  Ijyb (D:4)
  A worker ant (D:5)
  8 adders
  4 gnolls (D:4)
  A howler monkey skeleton (D:4)
  A shadow imp (D:5)
  An ooze (D:4)
  3 worms
  2 dart slugs
  3 leopard geckos
  12 orcs
  4 giant cockroaches
  8 goblins
  9 hobgoblins
  3 jackals (D:4)
  10 kobolds
  2 ball pythons (D:3)
  12 bats
  2 frilled lizards
  A leopard gecko skeleton (D:4)
  5 rats
107 creatures vanquished.

Notes
Turn   | Place    | Note
-------+----------+-------------------------------------------
     0 | D:1      | GuyWithAPlan the Tengu Conjurer began the quest for the Orb.
     0 | D:1      | Reached XP level 1. HP: 10/10 MP: 4/4
   198 | D:1      | Reached XP level 2. HP: 15/15 MP: 3/6
   268 | D:1      | Reached skill level 6 in Conjurations
   979 | D:2      | Reached XP level 3. HP: 19/19 MP: 4/7
  1158 | D:2      | Reached skill level 7 in Conjurations
  1257 | D:2      | Reached XP level 4. HP: 24/24 MP: 2/8
  1895 | D:2      | Learned a level 2 spell: Searing Ray
  1900 | D:2      | Learned a level 4 spell: Iskenderun's Mystic Blast
  1973 | D:2      | Found a glowing golden altar of the Shining One.
  2531 | D:3      | Reached skill level 8 in Conjurations
  2806 | D:3      | Gained mutation: You can fly. [Tengu growth]
  2806 | D:3      | Reached XP level 5. HP: 28/28 MP: 7/9
  2833 | D:3      | Found an opulent altar of Gozag.
  2945 | D:3      | Noticed a hand axe
  2945 | D:3      | Found a hide-covered altar of Uskayaw.
  2945 | D:3      | Noticed a hand axe
  4033 | D:4      | Found a glowing drain.
  4042 | Sewer    | Entered a sewer
  4149 | Sewer    | Noticed a crocodile
  4157 | Sewer    | Killed a crocodile
  4157 | Sewer    | Reached XP level 6. HP: 32/32 MP: 1/10
  4246 | Sewer    | Got an encrusted leather armour
  4434 | D:4      | Reached skill level 5 in Dodging
  4681 | D:4      | Noticed a phantom
  4726 | D:4      | Found a hazy altar of Hepliaklqana.
  4758 | D:4      | Killed a phantom
  5089 | D:4      | Reached XP level 7. HP: 33/36 MP: 2/11
  5300 | D:4      | Identified the +2 leather armour of the Solstice {MR+ MP-9 Str+3} (You found it in a sewer)
  6271 | D:4      | Noticed Ijyb
  6285 | D:4      | Killed Ijyb
  6617 | D:5      | Entered Level 5 of the Dungeon
  6753 | D:5      | Noticed Pikel
  7301 | D:5      | Noticed Prince Ribbit
  7677 | D:5      | Mangled by Prince Ribbit

Skill      XL: |  1  2  3  4  5  6  7 |
---------------+----------------------+-----
Conjurations   | 6 7 8 |  8.0
Dodging        | 4 6 7 |  7.0
Spellcasting   | 3 |  3.7
Stealth        | |  2.0

Action                   |  1- 3 |  4- 6 |  7- 9 || total
-------------------------+-------+-------+-------++-------
Melee: Dagger            |     5 |     5 |       ||    10
       Kick              |     2 |     1 |     4 ||     7
       Trident           |       |       |    25 ||    25
       Peck              |       |       |     3 ||     3
 Fire: Hunting sling     |       |    39 |       ||    39
 Cast: Magic Dart        |    57 |   141 |    59 ||   257
       Iskenderun's Myst |       |     4 |    18 ||    22
       Searing Ray       |       |     2 |     3 ||     5
 Abil: Fly               |       |       |     8 ||     8
  Use: Scroll            |       |     9 |     1 ||    10
       Potion            |       |       |     3 ||     3
 Stab: Sleeping          |       |       |     1 ||     1
  Eat: Chunk             |     2 |    12 |     2 ||    16
       Ration            |       |     1 |     3 ||     4
Armor: Robe              |     2 |    17 |       ||    19
Dodge: Dodged            |     5 |    39 |    40 ||    84
